 Dungeon Crawl Stone Soup version 0.31-a0-152-g6aa68a64a1 (webtiles) character file.

Game seed: 7074562484974392614

179 mopl the Stinger (level 5, 0/38 HPs)
             Began as a Draconian Venom Mage on June 10, 2023.
             Was a Believer of Lugonu.
             Killed from afar by Sigmund (7 damage)
             ... with a magic dart
             ... on level 4 of the Dungeon.
             The game lasted 00:04:50 (3207 turns).

mopl the Stinger (Draconian Venom Mage)             Turns: 3207, Time: 00:04:51

Health: 0/38       AC:  6    Str: 10    XL:     5   Next: 33%
Magic:  2/9        EV: 12    Int: 17    God:    Lugonu [**....]
Gold:   152        SH:  0    Dex: 12    Spells: 5/10 levels left

rFire   . . .        m - +0 dagger (speed)
rCold   . . .        (no shield)
rNeg    . . .        (body armour unavailable)
rPois   .            (helmet restricted)
rElec   .            j - +0 cloak
rCorr   +            (no gloves)
SInv    .            (no boots)
Will    .....        (no amulet)
Stlth   ++           n - ring of resist corrosion
HPRegen 0.26/turn    (no ring)
MPRegen 0.11/turn

%: no passive effects
@: no status effects
A: AC +5, unfitting armour, cold-blooded
a: Renounce Religion, Depart the Abyss, Banish


You were on level 4 of the Dungeon.
You worshipped Lugonu.
Lugonu was pleased with you.
You visited 1 branch of the dungeon, and saw 4 of its levels.

You collected 152 gold pieces.

Inventory:

Hand Weapons
 m - a +0 dagger of speed (weapon)
Missiles
 r - 4 javelins
Armour
 j - a +0 cloak (worn)
Jewellery
 n - a ring of resist corrosion (left hand)
 u - an amulet of faith {!P}
Wands
 k - a wand of polymorph (5)
Scrolls
 b - a scroll of amnesia {unknown}
 c - 2 scrolls of immolation {unknown}
 d - a scroll of acquirement {unknown}
 e - 2 scrolls of magic mapping {unknown}
 f - 3 scrolls of identify {unknown}
 g - a scroll of torment {unknown}
 o - a scroll of poison {unknown}
 q - a scroll of teleportation {unknown}
 s - a scroll of silence {unknown}
Potions
 a - a potion of magic
 h - a potion of cancellation {unknown}
 i - 2 potions of lignification {unknown}
 l - a potion of berserk rage {unknown}
 p - a potion of curing {unknown}
 t - a potion of degeneration {unknown}


   Skills:
 - Level 1.7 Dodging
 - Level 1.7 Stealth
 - Level 3.0 Spellcasting
 - Level 1.0 Transmutations
 + Level 4.7 Poison Magic
 + Level 2.8 Invocations


You had 5 spell levels left.
You knew the following spells:

 Your Spells              Type           Power      Damage    Failure   Level
a - Sting                 Tmut/Pois      48%        1d5       5%          1
o - Olgreb's Toxic Radia  Pois           18%        N/A       24%         4

Your spell library contained the following spells:

 Spells                   Type           Power      Damage    Failure   Level
 Poisonous Vapours        Pois/Air       20%        N/A       10%         2
 Passwall                 Tmut/Erth      3%         N/A       22%         2
 Ensorcelled Hibernation  Hex/Ice        4%         N/A       26%         2
 Mephitic Cloud           Conj/Pois/Air  7%         N/A       26%         3
 Swiftness                Air            2%         N/A       45%         3


Dungeon Overview and Level Annotations

Branches:
Dungeon (4/15)
 Temple: D:4-7

Altars:
Ashenzari
Fedhas
Lugonu

Shops:
D:1 [   D:2 (

Annotations:
D:4 Sigmund


Innate Abilities, Weirdness & Mutations

Your plain brown scales are hard. (AC +5)
You cannot fit into any form of body armour.
You are cold-blooded and may be slowed by cold attacks.


Message History

Sigmund draws strength from your wounds!
You closely miss Sigmund.
Your tail-slap misses Sigmund.
Sigmund is lightly wounded.
You barely miss Sigmund.
Sigmund is lightly wounded.
Sigmund casts a spell at you. The puff of flame hits you!
You barely miss Sigmund.
Your tail-slap misses Sigmund.
Sigmund is lightly wounded.
You hit Sigmund but do no damage.
Sigmund is lightly wounded.
Sigmund points at you and mumbles some strange words.
The puff of flame hits you!
You are too injured to fight recklessly!
You are too injured to fight recklessly!
Sigmund barely misses you.
Your magical contamination has completely faded away.
Casting: Olgreb's Toxic Radiance (quite dangerous; 24% risk of failure)
Confirm with . or Enter, or press ? or * to list all spells.
You don't have enough magic to cast this spell.
Really renounce your faith, foregoing its fabulous benefits?
Okay, then.
Unknown command.
Casting: Olgreb's Toxic Radiance (quite dangerous; 24% risk of failure)
Confirm with . or Enter, or press ? or * to list all spells.
Aiming: Sting (safe; 5% risk of failure)
Press: ? - help, Shift-Dir - straight line, f - Sigmund
Aim: Sigmund, wielding a +0 vampiric scythe and wearing a +2 robe (moderately wounded, poisoned, 68% to hit)
The sting hits Sigmund but does no damage.
Sigmund looks even sicker.
Sigmund is moderately wounded.
Sigmund casts a spell at you. The magic dart hits you.
Sigmund casts a spell at you. The puff of flame hits you!
* * * LOW HITPOINT WARNING * * *
Sigmund laughs darkly.
Sigmund points at you and mumbles some strange words.
The magic dart hits you!
You die...

##.#####(# #..#
#........# ######..#
##..####### #.......#
#...# #.#####.### #..##
#.# ###.##. #..# #.#
#...... #..#
###.###.÷....
#..############
#.....÷......
#......@....@.#
#...###.<....
##...####..†##.###.###
#......
#....#...#..##.....#
###.##.
#........#.....###.#
#.### #..###...###)..#
#.# #.# #
....#⌠.#.+##.⌠#..# #.#
#.# #
.....#...[.....#....#.#
#.###
#...###.......#.##....#
#.... #.#.
#.......#...#..## ####.


You could see Sigmund (poisoned).

Vanquished Creatures
  A sleepcap (D:4)
  6 adders
  3 worms
  3 dart slugs
  3 orcs
  4 endoplasms
  3 giant cockroaches
  7 goblins
  7 hobgoblins
  4 jackals (D:3)
  6 kobolds
  2 quokkas
  9 ball pythons
  5 bats
  6 frilled lizards
  13 rats
82 creatures vanquished.

Notes
Turn   | Place    | Note
-------+----------+-------------------------------------------
     0 | D:1      | mopl the Draconian Venom Mage began the quest for the Orb.
     0 | D:1      | Reached XP level 1. HP: 14/14 MP: 3/3
   188 | D:1      | Reached XP level 2. HP: 11/20 MP: 1/5
   300 | D:1      | Found Oxour's Antique Armour Emporium.
   806 | D:1      | Found a faded altar of an unknown god.
   870 | D:1      | Reached XP level 3. HP: 26/26 MP: 5/7
   934 | D:1      | Prayed at the altar of an unknown god.
   934 | D:1      | Became a worshipper of Lugonu the Unformed
   934 | D:1      | Reached * piety under Lugonu
  1254 | D:2      | Found Jufrat's Weapon Shop.
  1365 | D:2      | Reached skill level 3 in Spellcasting
  1365 | D:2      | Reached skill level 1 in Invocations
  1489 | D:2      | Reached skill level 4 in Poison Magic
  1489 | D:2      | Reached XP level 4. HP: 33/33 MP: 3/8
  1494 | D:2      | Learned a level 4 spell: Olgreb's Toxic Radiance
  2071 | D:3      | Reached ** piety under Lugonu
  2078 | D:3      | Reached skill level 2 in Invocations
  2154 | D:3      | Found a blossoming altar of Fedhas.
  2389 | D:3      | Reached XP level 5. HP: 38/38 MP: 5/9
  3139 | D:4      | Found a broken altar of Ashenzari.
  3178 | D:4      | Noticed Sigmund
  3207 | D:4      | Killed from afar by Sigmund

Illustrated notes

Levels and vault maps discovered:
D:1:      psy_arrival_radial02, layout_loops_ring, serial_forest,
          infiniplex_forest_end_3, infiniplex_forest_lined_4_way,
          infiniplex_forest_end_3, infiniplex_forest_clump_curved,
          infiniplex_forest_lined_corner, ebering_ecumenical_altar_hall,
          serial_shops, nicolae_shop_back_alley_shop, minmay_rat_gold_closets
D:2:      layout_loops_cross, serial_shops, shop_statue
D:3:      minmay_evil_eye, layout_basic, lemuel_round_altar, kennysheep_boxes
D:4:      cheibrodos_barr_body, layout_loops_ring, evilmike_ruin_ashenzari,
          pf_guarded_unrand_woodcutter, uniq_ijyb, uniq_sigmund, uniq_pikel

Skill      XL: |  1  2  3  4 |
---------------+-------------+-----
Spellcasting   | 3 |  3.0
Invocations    | 1 2 |  2.8
Poison Magic   | 4 |  4.7
Dodging        | |  1.7
Stealth        | |  1.7
Transmutations | |  1.0

Action                     |  1- 3 |  4- 6 || total
---------------------------+-------+-------++-------
  Melee: Unarmed           |    65 |    62 ||   127
         Tailslap          |     9 |     8 ||    17
         Punch             |     1 |       ||     1
         Dagger            |       |    48 ||    48
   Cast: Sting             |    55 |    70 ||   125
         Olgreb's Toxic Ra |       |     1 ||     1
   Stab: Sleeping          |     1 |       ||     1
 Armour: Skin              |    21 |    54 ||    75
  Dodge: Dodged            |    55 |    82 ||   137

Table legend: (Time is in decaauts)
 A = Elapsed time spent in this place.
 B = Non-inter-level travel time spent in this place.
 C = Inter-level travel time spent in this place.
 D = Time resting spent in this place.
 E = Time spent auto-exploring this place.
 F = Levels seen in this place.
 G = Mean time per level.
                   A        B        C        D        E       F      G
               +--------+--------+--------+--------+--------+-----+--------+
         Total |   3189 |   3091 |     98 |    263 |   2192 |   4 |  797.2 |
       Dungeon |   3189 |   3091 |     98 |    263 |   2192 |   4 |  797.2 |
               +--------+--------+--------+--------+--------+-----+--------+

Top non-repeatable levels by time:
     D:3: 1122 daAuts
     D:1: 1028 daAuts
     D:2: 724 daAuts
     D:4: 313 daAuts
